 Dungeon Crawl Stone Soup version 0.19.0-11-g3fc08b3 (webtiles) character file.

5199 Kirk the Covert (level 10, -5/46 HPs)
             Began as a Vine Stalker Assassin on Nov 9, 2016.
             Was a Follower of Uskayaw.
             Slain by a hornet (6 damage)
             ... while paralysed by a hornet
             ... on level 9 of the Dungeon.
             The game lasted 00:24:06 (8680 turns).

Kirk the Covert (Vine Stalker Assassin)             Turns: 8680, Time: 00:24:07

Health: -5/46      AC: 10    Str: 14    XL:     10   Next: 60%
Magic:  0/14       EV:  2    Int: 13    God:    Uskayaw [*.....]
Gold:   461        SH:  0    Dex: 17    Spells: 0 memorised, 9 levels left

rFire  . . .     SeeInvis .     a - +2 dagger
rCold  + . .     Gourm    .     O - +3 leather armour of the Ban {+Inv rElec rN+ MR-}
rNeg   + . .     Faith    .     s - +0 buckler (curse)
rPois  .         Spirit   +     (no helmet)
rElec  +         Reflect  +     d - +1 cloak
rCorr  .         Harm     .     t - +0 pair of gloves
MR     .....                    n - +0 pair of boots
Stlth  ++++......               l - +6 amulet of reflection
                                (no ring)
                                I - ring of protection from cold

@: paralysed, lethally poisoned (-5 -> -5), slowed
A: fangs 3, regeneration 1, magic shield, antimagic bite, no device heal 3, rot
immunity
a: Stomp, Renounce Religion, Evoke Invisibility


You were on level 9 of the Dungeon.
You worshipped Uskayaw.
Uskayaw was noncommittal.
You were not hungry.

You visited 2 branches of the dungeon, and saw 10 of its levels.
You also visited: Sewer.

You collected 461 gold pieces.

Inventory:

Hand Weapons
 a - a +2 dagger (weapon)
 b - a +0 blowgun
 v - a +1 dagger of draining
Missiles
 e - 48 poisoned needles
 A - 5 tomahawks (quivered)
 G - 2 curare-tipped needles
Armour
 d - a +1 cloak (worn)
 n - a +0 pair of boots (worn)
 s - a cursed +0 buckler (worn)
 t - a +0 pair of gloves (worn)
 F - a cursed -2 robe
 O - the +3 leather armour of the Ban (worn) {+Inv rElec rN+ MR-}
   (You found it on level 8 of the Dungeon)

   It insulates you from electricity.
   It protects you from negative energy.
   It affects your resistance to hostile enchantments.
   It lets you turn invisible.
Jewellery
 l - a +6 amulet of reflection (around neck)
 I - a ring of protection from cold (left hand)
Scrolls
 i - 4 scrolls of remove curse
 k - 4 scrolls of magic mapping
 x - 4 scrolls of recharging
 y - a scroll of teleportation
 z - a scroll of fog
 J - 2 scrolls of enchant armour
 K - a scroll of identify
 N - 2 scrolls of amnesia
Potions
 c - 2 potions of ambrosia {unknown}
 j - 2 potions of lignification {unknown}
 m - 3 potions of cure mutation
 o - 3 potions of magic
 p - a potion of mutation {unknown}
 q - 8 potions of curing
 r - 2 potions of flight
 u - 2 potions of cancellation {unknown}
 B - a potion of agility
 C - 2 potions of haste
 D - 2 potions of brilliance
 H - a potion of degeneration {unknown}
 M - a potion of berserk rage {unknown}
Comestibles
 f - 4 fruits
 g - 4 bread rations
 h - a royal jelly
 w - a beef jerky
 E - 2 meat rations
 L - a slice of pizza


   Skills:
 - Level 1.7 Fighting
 + Level 9.4 Short Blades
 - Level 1.7 Throwing
 + Level 3.8 Dodging
 - Level 10.0 Stealth
 - Level 6.2 Shields
 * Level 4.2 Invocations


You had 9 spell levels left.
You didn't know any spells.

Dungeon Overview and Level Annotations

Branches:
Dungeon (9/15)             Temple (1/1) D:5            Lair (0/6) D:8
    Orc: D:9-12

Altars:
Ashenzari
Cheibriados
Dithmenos
Elyvilon
Fedhas
Gozag
Hepliaklqana
Kikubaaqudgha
Makhleb
Nemelex Xobeh
Okawaru
Qazlal
Ru
Sif Muna
Trog
Uskayaw
Vehumet
Xom
Yredelemnul
Zin
The Shining One

Annotations:
D:6 Zigma's ghost, novice DrTm
D:9 exclusion: door


Innate Abilities, Weirdness & Mutations

You have razor-sharp teeth.
Your natural rate of healing is unusually fast.
When hurt, damage is shared between your health and your magic reserves.
Your bite disrupts and absorbs the magic of your enemies.
Potions and wands cannot restore your health.
You are immune to rotting.


Message History

* * * LOW HITPOINT WARNING * * *
You are poisoned.
You feel yourself slow down.
You are too injured to fight recklessly!
You are too injured to fight recklessly!
Unknown command.
You barely miss the hornet.
The hornet is severely wounded.
You feel sick. You block the hornet's attack.
Unknown command.
You hit the hornet but do no damage.
The hornet is severely wounded.
You feel sick. The hornet stings you!
* * * LOW HITPOINT WARNING * * *
You suddenly lose the ability to move!
You feel sick. The hornet stings you.
* * * LOW HITPOINT WARNING * * *
You feel as though you will be slow longer.
The hornet stings you!
You die...

.....##.......##
##.........# #.
###..##.......#
#..#####.)# #. #
#..##......## #..#
#..###. #
#.$##.##>..# ###.#
#...... # #..# #...
#. #.# #.)###. # #..#
#... .# #.# #..# #. #
#z.# #... ###.###.#
#..# #. . z..#
#...##y.#..#.# #..#
#. . z..#
#.....†@..##)# #..#
#. .....#
#..###..####.#####..#
#. .# .... #..#
#........# #. .# ....
#..####........# #.
...
#..............###.
..
#.......####<...... .
#.......# #..###..
#..###..# #..# #..
#..# #..# #..# #..


You could see a hornet.

Vanquished Creatures
  Pikel (D:9)
  A queen bee (D:9)
  A hornet (D:9)
  A hippogriff (D:9)
  A hungry ghost (D:7)
  An orc warrior (D:6)
  A black bear (D:7)
  3 phantoms
  A slave (D:9)
  A centaur (D:6)
  3 ogres
  3 bullfrogs
  A gnoll sergeant (D:7)
  2 water moccasin skeletons (D:5)
  A scorpion (D:4)
  28 killer bees
  7 wights
  2 howler monkeys
  2 crimson imps
  2 jellies (D:6)
  5 hounds
  A quasit (D:8)
  A bullfrog skeleton (D:4)
  2 iguanas (D:5)
  5 orc priests
  4 orc wizards
  3 worker ants
  A killer bee zombie (D:9)
  8 gnolls
  A howler monkey skeleton (D:4)
  20 adders
  4 river rats (Sewer)
  A shadow imp (D:8)
  2 oozes
  2 worms (D:2)
  2 dart slugs
  7 leopard geckos
  24 orcs
  6 giant cockroaches
  10 goblins
  7 hobgoblins
  6 jackals
  8 quokkas
  9 ball pythons (Sewer)
  A ball python skeleton (D:4)
  7 bats
  5 frilled lizards
  9 kobolds
  A quokka skeleton (D:3)
  A quokka zombie (D:6)
  26 rats
252 creatures vanquished.

Vanquished Creatures (others)
  A slave (D:9)
  An orc priest (D:9)
  An orc (D:9)
  A quokka (D:9)
4 creatures vanquished.

Grand Total: 256 creatures vanquished

Notes
Turn   | Place    | Note
-------+----------+-------------------------------------------
     0 | D:1      | Kirk the Vine Stalker Assassin began the quest for the Orb.
     0 | D:1      | Reached XP level 1. HP: 11/11 MP: 2/2
   136 | D:1      | Reached skill level 5 in Stealth
   188 | D:1      | Reached XP level 2. HP: 6/15 MP: 3/3
   773 | D:1      | Reached XP level 3. HP: 16/18 MP: 4/4
   984 | D:2      | Reached skill level 6 in Stealth
  1068 | D:2      | You fall through a shaft for 2 floors!
  1289 | D:3      | Found a faded altar of an unknown god.
  1329 | D:3      | Gained mutation: Your natural rate of healing is unusually fast. [Vine Stalker growth]
  1329 | D:3      | Reached XP level 4. HP: 23/23 MP: 5/5
  1612 | D:3      | Reached XP level 5. HP: 25/26 MP: 6/6
  1797 | D:2      | Reached skill level 7 in Stealth
  2525 | D:3      | Reached XP level 6. HP: 30/30 MP: 7/7
  3034 | D:4      | Reached skill level 8 in Stealth
  3181 | D:4      | Noticed a phantom
  3233 | D:4      | Killed a phantom
  3251 | D:4      | Reached skill level 1 in Shields
  3251 | D:4      | Reached XP level 7. HP: 34/34 MP: 8/8
  3447 | D:4      | Reached skill level 9 in Stealth
  3726 | D:4      | Reached skill level 5 in Short Blades
  3835 | D:4      | Gained mutation: You have razor-sharp teeth. [Vine Stalker growth]
  3835 | D:4      | Reached XP level 8. HP: 25/38 MP: 9/9
  3914 | D:5      | Entered Level 5 of the Dungeon
  4001 | D:5      | Found a staircase to the Ecumenical Temple.
  4009 | D:5      | Got a bloodstained war axe
  4247 | D:5      | Found a glowing drain.
  4285 | Sewer    | Entered a sewer
  4492 | Sewer    | Reached skill level 10 in Stealth
  4661 | D:5      | Identified the +6 war axe "Fuzeiz" {chop, SInv} (You found it on level 5 of the Dungeon)
  5322 | D:6      | Found a sacrificial altar of Ru.
  5322 | D:6      | Found a stormy altar of Qazlal.
  5324 | D:6      | Found a glowing golden altar of the Shining One.
  5326 | D:6      | Found a deep blue altar of Sif Muna.
  5327 | D:6      | Found a burning altar of Makhleb.
  5478 | D:6      | Reached XP level 9. HP: 41/42 MP: 8/10
  5623 | D:6      | Noticed Zigma's ghost (novice DrTm)
  5769 | D:6      | Reached skill level 5 in Shields
  6021 | Temple   | Entered the Ecumenical Temple
  6051 | Temple   | Became a worshipper of Uskayaw the Reveler
  6240 | D:7      | Reached * piety under Uskayaw
  6415 | D:7      | Reached ** piety under Uskayaw
  6420 | D:7      | Reached *** piety under Uskayaw
  6432 | D:7      | Reached **** piety under Uskayaw
  6835 | D:8      | Found a staircase to the Lair.
  6997 | D:8      | Got an encrusted leather armour
  7176 | D:8      | Identified the +3 leather armour of the Ban {+Inv rElec rN+ MR-} (You found it on level 8 of the Dungeon)
  7231 | D:8      | Reached skill level 1 in Dodging
  7278 | D:8      | Reached skill level 1 in Invocations
  7526 | D:8      | Reached ***** piety under Uskayaw
  7798 | D:9      | Noticed Pikel
  7872 | D:9      | Killed Pikel
  7872 | D:9      | Reached XP level 10. HP: 39/46 MP: 11/13
  8191 | D:9      | Noticed a rakshasa
  8394 | D:9      | Reached ****** piety under Uskayaw
  8658 | D:9      | Paralysed by a hornet for 2 turns
  8679 | D:9      | Paralysed by a hornet for 2 turns
  8680 | D:9      | HP: 1/46 [hornet (2)]
  8680 | D:9      | Slain by a hornet

Skill      XL: |  1  2  3  4  5  6  7  8  9 10 |
---------------+-------------------------------+-----
Stealth        | 5 6 7 8 9 10 | 10.0
Short Blades   | 2 3 4 5 6 8 9 |  9.4
Shields        | 1 2 4 6 |  6.2
Dodging        | 2 3 |  3.8
Invocations    | 3 4 |  4.2
Fighting       | |  1.7
Throwing       | |  1.7

Action                   |  1- 3 |  4- 6 |  7- 9 | 10-12 || total
-------------------------+-------+-------+-------+-------++-------
Melee: Dagger            |    83 |   210 |   613 |   259 ||  1165
       Bite              |    19 |    61 |   186 |    77 ||   343
 Fire: Blowgun           |       |     6 |     2 |       ||     8
Invok: Line Pass         |       |       |     1 |     1 ||     2
  Use: Potion            |     1 |       |     1 |     4 ||     6
       Scroll            |     7 |     4 |    10 |     1 ||    22
 Stab: Sleeping          |     9 |    13 |    17 |     2 ||    41
       Distracted        |       |     1 |     2 |       ||     3
       Paralysed         |       |       |     8 |     8 ||    16
       Confused          |       |       |     1 |       ||     1
  Eat: Chunk             |     1 |     7 |    12 |     1 ||    21
       Bread ration      |       |       |     1 |     1 ||     2
Armor: Robe              |    27 |    39 |    97 |       ||   163
       Leather armour    |       |       |    15 |    44 ||    59
Dodge: Dodged            |    39 |    78 |   216 |    80 ||   413
Block: Other             |       |    11 |       |       ||    11
       Buckler           |       |    12 |   301 |   100 ||   413
       Reflection        |       |       |     3 |     1 ||     4
